 Dungeon Crawl Stone Soup version 0.25.0-9-g26727b657a (webtiles) character file.

Game seed: 15728490886127124125

528 xccam the Insei (level 7, 0/43 HPs)
             Began as an Octopode Transmuter on June 17, 2020.
             Shot with an arrow by a centaur (10 damage)
             ... on level 5 of the Dungeon.
             The game lasted 00:07:37 (6081 turns).

xccam the Insei (Octopode Transmuter)               Turns: 6081, Time: 00:07:39

Health: 0/43       AC:  1    Str: 10    XL:     7   Next: 23%
Magic:  11/11      EV: 14    Int: 16    God:
Gold:   241        SH:  0    Dex: 13    Spells: 9/12 levels left

rFire    . . .     SeeInvis .     - Unarmed
rCold    . . .     Gourm    .   (no shield)
rNeg     . . .     Faith    .   (helmet restricted)
rPois    .         Spirit   .   (no amulet)
rElec    .         Reflect  .   (no ring)
rCorr    .         Harm     .   (no ring)
MR       .....                  (no ring)
Stlth    ++........             (no ring)
HPRegen  0.14/turn              (no ring)
MPRegen  0.12/turn              (no ring)
                                (no ring)
                                (no ring)

@: no status effects
A: almost no armour, stealthy swim, amphibious, 8 rings, constrict 8, camouflage
1, gelatinous body 1
a: no special abilities


You were on level 5 of the Dungeon.
You were not hungry.

You visited 1 branch of the dungeon, and saw 5 of its levels.

You collected 241 gold pieces.

Inventory:

Missiles
 a - 95 arrows
Wands
 u - a wand of acid (10)
Scrolls
 d - a scroll of enchant weapon {unknown}
 h - 2 scrolls of blinking {unknown}
 i - a scroll of amnesia {unknown}
 k - a scroll of fear {unknown}
 l - 2 scrolls of teleportation
 m - a scroll of immolation {unknown}
 q - 2 scrolls of remove curse {unknown}
 r - a scroll of enchant armour {unknown}
Potions
 b - 2 potions of stabbing
 e - 2 potions of curing
 f - a potion of magic
 g - a potion of mutation
 j - 2 potions of lignification
 n - a potion of resistance
 o - a potion of heal wounds {unknown}
 p - a potion of brilliance {unknown}
 s - 2 potions of cancellation
 v - a potion of flight {unknown}
Comestibles
 c - 7 rations
 t - 2 chunks of flesh


   Skills:
 - Level 1.0 Fighting
 + Level 3.3 Dodging
 + Level 6.5 Unarmed Combat
 - Level 3.0 Spellcasting
 + Level 3.2 Transmutations


You had 9 spell levels left.
You knew the following spells:

 Your Spells              Type           Power        Failure   Level  Hunger
a - Beastly Appendage     Tmut           ##....       4%          1    #......
b - Sticks to Snakes      Tmut           ##......     8%          2    ##.....

Your spell library contained the following spells:

 Spells                   Type           Power        Failure   Level  Hunger
 Spider Form              Tmut/Pois      #.........   28%         3    ###....
 Ice Form                 Ice/Tmut       #.......     67%         4    #####..
 Blade Hands              Tmut           ##........   80%         5    ######.


Dungeon Overview and Level Annotations

Branches:
Dungeon (5/15)
 Temple: D:4-7

Altars:
Qazlal


Innate Abilities, Weirdness & Mutations

You cannot wear most types of armour.
You are very stealthy in the water. (Stealth+)
You are amphibious.
You can wear up to eight rings at the same time.
You can use your tentacles to constrict eight enemies at once.
Your skin changes colour to match your surroundings (Stealth+).
Your rubbery body absorbs attacks. (AC +1, EV +1)


Message History

An orc priest comes into view. It is wielding a +0 mace.
The crimson imp shouts!
The centaur shouts!
You hear a shout!
You hear an angry hiss.
You hear a shout!
The centaur wields a +0 shortbow.
The centaur shoots an arrow.
The arrow hits you!
An ogre comes into view. It is wielding a +0 giant spiked club.
You see here an arrow.
The centaur shoots an arrow.
The arrow hits you.
You see here an arrow.
The centaur shoots an arrow.
The arrow hits you!
Things that are here:
an arrow; a leather armour The centaur shoots an arrow.
The arrow hits you!
* * * LOW HITPOINT WARNING * * *
You see here an arrow.
You feel better.
The centaur shoots an arrow.
The arrow hits you!
* * * LOW HITPOINT WARNING * * *
You feel better.
The centaur shoots an arrow.
The arrow closely misses you.
The centaur shoots an arrow.
The arrow hits you!
You die...

##### ....# ....#
....############ #####
......÷........# #...#
...............# #...#
...............######...#
................@...'...+
................#####...#
....#####+♣≈PP.(### #...#
##### #..♣≈≈Pc#.#######
..... ....♣≈≈P.5(.......
..... ....###...#..#..##
..### ### #...#..# #.#
#...#.... )# #.#.##....


You could see a centaur and a crimson imp.

Vanquished Creatures
  A phantom (D:5)
  A howler monkey (D:4)
  A bullfrog skeleton (D:4)
  An orc priest (D:4)
  3 hounds (D:4)
  Jessica (D:3)
  A worker ant (D:4)
  7 adders
  2 adder skeletons (D:4)
  3 dart slugs (D:1)
  3 leopard geckos
  3 orcs (D:4)
  2 giant cockroaches
  23 goblins
  13 hobgoblins
  3 jackals (D:1)
  11 kobolds
  A quokka (D:4)
  8 bats
  9 frilled lizards
  A jackal skeleton (D:4)
  A leopard gecko skeleton (D:4)
  2 quokka skeletons (D:4)
  6 rats
107 creatures vanquished.

Vanquished Creatures (collateral kills)
  Terence (D:3)
  Robin (D:4)
2 creatures vanquished.

Vanquished Creatures (others)
  A plant (D:5)
1 creature vanquished.

Grand Total: 110 creatures vanquished

Notes
Turn   | Place    | Note
-------+----------+-------------------------------------------
     0 | D:1      | xccam the Octopode Transmuter began the quest for the Orb.
     0 | D:1      | Reached XP level 1. HP: 13/13 MP: 3/3
   153 | D:1      | Reached XP level 2. HP: 9/18 MP: 5/5
   734 | D:1      | Reached skill level 4 in Unarmed Combat
   741 | D:1      | Reached XP level 3. HP: 17/23 MP: 6/6
   910 | D:1      | Learned a level 2 spell: Sticks to Snakes
  2198 | D:2      | Found a stormy altar of Qazlal.
  2317 | D:3      | Reached XP level 4. HP: 26/28 MP: 7/7
  2431 | D:3      | Noticed Terence
  2461 | D:3      | Killed Terence
  2461 | D:3      | Reached skill level 5 in Unarmed Combat
  3484 | D:3      | Noticed Jessica
  3490 | D:3      | Killed Jessica
  3490 | D:3      | Reached XP level 5. HP: 32/33 MP: 6/8
  3930 | D:4      | Reached skill level 6 in Unarmed Combat
  3934 | D:4      | Noticed Robin
  4364 | D:4      | Killed Robin
  4445 | D:4      | Reached XP level 6. HP: 33/38 MP: 9/9
  5344 | D:4      | Reached XP level 7. HP: 32/43 MP: 9/11
  5653 | D:5      | Entered Level 5 of the Dungeon
  6080 | D:5      | HP: 2/43 [centaur/arrow (12)]
  6081 | D:5      | Shot with an arrow by a centaur

Illustrated notes

Levels and vault maps discovered:
D:1:      evilmike_arrival_plus, layout_basic, serial_forest,
          infiniplex_forest_lined_3_way, infiniplex_forest_clump_long,
          infiniplex_forest_clump_long, infiniplex_forest_lined_2,
          infiniplex_forest_clump_curved, infiniplex_forest_lined_2,
          infiniplex_forest_clump_large, minmay_tetromino_t4
D:2:      layout_loops_ring, nicolae_qazlal_general_emergency, first_ration
D:3:      layout_basic, uniq_terence, uniq_jessica
D:4:      layout_loops_corners, minmay_goblin_outpost, uniq_robin
D:5:      layout_basic, zin_academy, serial_bayou, serial_bayou_pond_e,
          serial_bayou_crossing, serial_bayou_pond_a, serial_bayou_pond_a,
          uniq_ijyb, uniq_prince_ribbit1, uniq_duvessa

Skill      XL: |  1  2  3  4  5  6  7 |
---------------+----------------------+-----
Unarmed Combat | 4 5 6 |  6.5
Dodging        | 3 |  3.3
Transmutations | 3 |  3.2
Spellcasting   | 3 |  3.0
Fighting       | |  1.0

Action                   |  1- 3 |  4- 6 |  7- 9 || total
-------------------------+-------+-------+-------++-------
Melee: Unarmed           |    97 |   126 |    25 ||   248
       Constrict         |    22 |    29 |     3 ||    54
       Tentacles         |    17 |    15 |     5 ||    37
       Kick              |     4 |    11 |     3 ||    18
       Punch             |     3 |     8 |     1 ||    12
 Cast: Beastly Appendage |     2 |     7 |     1 ||    10
       Sticks to Snakes  |       |     4 |     2 ||     6
  Use: Scroll            |       |     8 |       ||     8
       Potion            |       |       |     2 ||     2
 Stab: Sleeping          |    12 |    12 |       ||    24
  Eat: Chunk             |     4 |    10 |       ||    14
       Ration            |       |       |     1 ||     1
Armor: Skin              |     6 |     3 |       ||     9
Dodge: Dodged            |    64 |    79 |    17 ||   160
